TOP OF THE 1ST |
Fort Wayne TinCaps batting - Pitching for West Virginia Power : RHP Eric Bourque
|
Pitching: RHP Eric Bourque
|
|
Batting: SHB Detlef Oursler
|
0-0: Foul Ball, location: 2F 0-1: Foul Ball, location: 2F 0-2: Ball 1-2: Foul Ball, location: 2F 1-2: Strikes out swinging
|
Batting: LHB Tony Contreras
|
0-0: Foul Ball, location: 2F 0-1: Ball 1-1: Swinging Strike 1-2: Foul Ball, location: 2F 1-2: Strikes out looking
|
Batting: LHB Chad Cutler
|
0-0: Ball 1-0: Ball 2-0: Fly out, F5 (Line Drive, 5, EV 72.5 MPH)
|
Top of the 1st over - 0 runs, 0 hits, 0 errors, 0 left on base; Fort Wayne 0 - West Virginia 0 |
BOTTOM OF THE 1ST |
West Virginia Power batting - Pitching for Fort Wayne TinCaps : LHP David Rodriguez
|
Pitching: LHP David Rodriguez
|
|
Batting: RHB Jordan Robinson
|
0-0: Ball 1-0: Ball 2-0: Called Strike 2-1: Ground out 6-3 (Groundball, 6M, EV 90.6 MPH)
|
Batting: LHB Donald Imre
|
0-0: Ball 1-0: Foul Ball, location: 2F 1-1: Ball 2-1: SINGLE (Groundball, 5D, EV 95.6 MPH)
|
Batting: RHB Brandon White
|
0-0: Called Strike 0-1: Fly out, F8 (Flyball, 78XD, EV 85.0 MPH)
|
Batting: RHB Dave Fredericks
|
0-0: Foul Ball, location: 2F 0-1: Swinging Strike 0-2: Ball 1-2: DOUBLE (Flyball, 89D, EV 91.9 MPH) Donald Imre to third Donald Imre scores
|
Batting: LHB Josh Aerni
|
0-0: Fly out, F9 (Flyball, 9, EV 89.4 MPH)
|
Bottom of the 1st over - 1 run, 2 hits, 0 errors, 1 left on base; Fort Wayne 0 - West Virginia 1 |
TOP OF THE 2ND |
Fort Wayne TinCaps batting - Pitching for West Virginia Power : RHP Eric Bourque
|
Batting: LHB Sean Trueblood
|
0-0: Swinging Strike 0-1: Called Strike 0-2: Foul Ball, location: 2F 0-2: Ball 1-2: Ball 2-2: Strikes out swinging
|
Batting: LHB Justin Alworth
|
0-0: Hit by Pitch
|
Batting: LHB Javy Portela
|
0-0: Foul Ball, location: 2F 0-1: Swinging Strike 0-2: Strikes out swinging
|
Batting: LHB Ryan Anderson
|
0-0: Ball 1-0: 2-RUN HOME RUN (Line Drive, 78XD, EV 101.2 MPH), Distance : 405 ft
|
Batting: RHB Adrian Cook
|
0-0: Foul Ball, location: 2F 0-1: Ball 1-1: Ball 2-1: Fly out, F9 (Flyball, 9, EV 85.0 MPH)
|
Top of the 2nd over - 2 runs, 1 hit, 0 errors, 0 left on base; Fort Wayne 2 - West Virginia 1 |
BOTTOM OF THE 2ND |
West Virginia Power batting - Pitching for Fort Wayne TinCaps : LHP David Rodriguez
|
Batting: RHB Jaime Dubicki
|
0-0: Ball 1-0: Foul Ball, location: 2F 1-1: Foul Ball, location: 2F 1-2: Ball 2-2: Ground out 6-3 (Groundball, 6MD, EV 83.1 MPH)
|
Batting: RHB Tim Moore
|
0-0: Ball 1-0: DOUBLE (Line Drive, 78D, EV 102.5 MPH)
|
Batting: RHB John DeVillier
|
0-0: Called Strike 0-1: Swinging Strike 0-2: Ball 1-2: Ball 2-2: Foul Ball, location: 2F 2-2: Ball 3-2: Base on Balls
|
Batting: RHB Bob Raine
|
0-0: Called Strike 0-1: Ball 1-1: Ball 2-1: Ball 3-1: Foul Ball, location: 2F 3-2: Base on Balls Tim Moore to third John DeVillier to second
|
Batting: RHB Jordan Robinson
|
0-0: Called Strike 0-1: Ball 1-1: Ball 2-1: Foul Ball, location: 2F 2-2: DOUBLE (Line Drive, 3D, EV 110.0 MPH) Tim Moore scores John DeVillier scores Bob Raine to third
|
Batting: LHB Donald Imre
|
0-0: Foul Ball, location: 2F 0-1: Swinging Strike 0-2: Ball 1-2: Strikes out swinging
|
Batting: RHB Brandon White
|
0-0: Ball 1-0: Ball 2-0: Ball 3-0: Called Strike 3-1: Ground out 6-3 (Groundball, 6, EV 93.8 MPH)
|
Bottom of the 2nd over - 2 runs, 2 hits, 0 errors, 2 left on base; Fort Wayne 2 - West Virginia 3 |
TOP OF THE 3RD |
Fort Wayne TinCaps batting - Pitching for West Virginia Power : RHP Eric Bourque
|
Batting: RHB Ricky Trejo
|
0-0: Ball 1-0: Swinging Strike 1-1: Swinging Strike 1-2: Ball 2-2: Ball 3-2: Foul Ball, location: 2F 3-2: Strikes out swinging
|
Batting: SHB Detlef Oursler
|
0-0: Called Strike 0-1: Swinging Strike 0-2: Foul Ball, location: 2F 0-2: Strikes out swinging
|
Batting: LHB Tony Contreras
|
0-0: Foul Ball, location: 2F 0-1: Fly out, F8 (Flyball, 8LS, EV 78.8 MPH)
|
Top of the 3rd over - 0 runs, 0 hits, 0 errors, 0 left on base; Fort Wayne 2 - West Virginia 3 |
BOTTOM OF THE 3RD |
West Virginia Power batting - Pitching for Fort Wayne TinCaps : LHP David Rodriguez
|
Batting: RHB Dave Fredericks
|
0-0: Ball 1-0: Foul Ball, location: 2F 1-1: SOLO HOME RUN (Flyball, 7D, EV 95.0 MPH), Distance : 371 ft
|
Batting: LHB Josh Aerni
|
0-0: Swinging Strike 0-1: Ball 1-1: Ball 2-1: Called Strike 2-2: Foul Ball, location: 2F 2-2: Ground out 4-3 (Groundball, 4, EV 83.1 MPH)
|
Batting: RHB Jaime Dubicki
|
0-0: Foul Ball, location: 2F 0-1: Ground out 6-3 (Groundball, 6, EV 105.0 MPH)
|
Batting: RHB Tim Moore
|
0-0: Ball 1-0: Ground out 6-3 (Groundball, 6MD, EV 103.1 MPH)
|
Bottom of the 3rd over - 1 run, 1 hit, 0 errors, 0 left on base; Fort Wayne 2 - West Virginia 4 |
TOP OF THE 4TH |
Fort Wayne TinCaps batting - Pitching for West Virginia Power : RHP Eric Bourque
|
Batting: LHB Chad Cutler
|
0-0: Swinging Strike 0-1: TRIPLE (Flyball, 9LD, EV 96.2 MPH)
|
Batting: LHB Sean Trueblood
|
0-0: SINGLE (Line Drive, 4D, EV 95.0 MPH) Chad Cutler scores
|
Batting: LHB Justin Alworth
|
0-0: Called Strike 0-1: Ball 1-1: Ball 2-1: Swinging Strike 2-2: Ball 3-2: Base on Balls Sean Trueblood to second
|
Batting: LHB Javy Portela
|
0-0: Ball 1-0: Ball 2-0: SINGLE (Groundball, 25, EV 73.1 MPH) (infield hit) Sean Trueblood to third Justin Alworth to second
|
Batting: LHB Ryan Anderson
|
0-0: Foul Ball, location: 2F 0-1: Foul Ball, location: 2F 0-2: Ball 1-2: Strikes out swinging
|
Batting: RHB Adrian Cook
|
0-0: Ball 1-0: Ball 2-0: Fly out, F9 (Flyball, 9, EV 95.6 MPH) Runner from 3rd tags up, SCORES, throw by RF Justin Alworth to third
|
Batting: RHB Ricky Trejo
|
0-0: Fielders Choice at 2nd, 5-4 (Groundball, 56, EV 103.8 MPH)
|
Top of the 4th over - 2 runs, 3 hits, 0 errors, 2 left on base; Fort Wayne 4 - West Virginia 4 |
BOTTOM OF THE 4TH |
West Virginia Power batting - Pitching for Fort Wayne TinCaps : LHP David Rodriguez
|
Batting: RHB John DeVillier
|
0-0: Called Strike 0-1: Foul Ball, location: 2F 0-2: Ball 1-2: Foul Ball, location: 2F 1-2: Strikes out looking
|
Batting: RHB Bob Raine
|
0-0: Ball 1-0: Ball 2-0: Foul Ball, location: 2F 2-1: Swinging Strike 2-2: Foul Ball, location: 2F 2-2: Ball 3-2: Strikes out swinging
|
Batting: RHB Jordan Robinson
|
0-0: Called Strike 0-1: Ball 1-1: Ball 2-1: Foul Ball, location: 2F 2-2: SINGLE (Line Drive, 7LS, EV 91.2 MPH)
|
Batting: LHB Donald Imre
|
0-0: Called Strike 0-1: Called Strike Jordan Robinson steals 2nd base 0-2: SINGLE (Groundball, 4MD, EV 96.2 MPH) Jordan Robinson to third Runner from 3rd tries for Home, SAFE, throw by CF to home Donald Imre to second
|
Pitching: RHP Kurt Loscalzo
|
|
Batting: RHB Brandon White
|
0-0: Ball 1-0: Foul Ball, location: 2F 1-1: Foul Ball, location: 2F 1-2: Foul Ball, location: 2F 1-2: DOUBLE (Line Drive, 89XD, EV 102.5 MPH) Donald Imre scores
|
Batting: RHB Dave Fredericks
|
0-0: Called Strike 0-1: Foul Ball, location: 2F 0-2: Strikes out looking
|
Bottom of the 4th over - 2 runs, 3 hits, 0 errors, 1 left on base; Fort Wayne 4 - West Virginia 6 |
TOP OF THE 5TH |
Fort Wayne TinCaps batting - Pitching for West Virginia Power : RHP Eric Bourque
|
Batting: SHB Detlef Oursler
|
0-0: Ball 1-0: Swinging Strike 1-1: Ball 2-1: Swinging Strike 2-2: DOUBLE (Flyball, 8RD, EV 96.9 MPH)
|
Batting: LHB Tony Contreras
|
0-0: Ball 1-0: Called Strike 1-1: Foul Ball, location: 2F 1-2: Ball 2-2: Strikes out swinging
|
Batting: LHB Chad Cutler
|
0-0: Ball 1-0: Ball 2-0: Called Strike 2-1: Ball 3-1: Base on Balls
|
Batting: LHB Sean Trueblood
|
0-0: Ball 1-0: Foul Ball, location: 2F 1-1: Called Strike 1-2: Foul Ball, location: 2F 1-2: Fielders Choice at 2nd, 4-6 (Groundball, 4, EV 77.5 MPH) Detlef Oursler to third
|
Batting: LHB Justin Alworth
|
0-0: Ball 1-0: Ground out 4-3 (Groundball, 34, EV 85.0 MPH)
|
Top of the 5th over - 0 runs, 1 hit, 0 errors, 2 left on base; Fort Wayne 4 - West Virginia 6 |
BOTTOM OF THE 5TH |
West Virginia Power batting - Pitching for Fort Wayne TinCaps : RHP Kurt Loscalzo
|
Batting: LHB Josh Aerni
|
0-0: Ball 1-0: DOUBLE (Flyball, 8RXD, EV 103.8 MPH)
|
Batting: RHB Jaime Dubicki
|
0-0: Called Strike 0-1: Ball 1-1: Ball 2-1: Called Strike 2-2: Foul Ball, location: 2F 2-2: Foul Ball, location: 2F 2-2: Ground out 6-3 (Groundball, 6M, EV 107.5 MPH) Josh Aerni to third
|
Batting: RHB Tim Moore
|
0-0: Ball 1-0: Fly out, F4 (Popup, 4MS, EV 71.9 MPH)
|
Batting: RHB John DeVillier
|
0-0: Ball 1-0: Ground out 4-3 (Groundball, 4M, EV 90.6 MPH)
|
Bottom of the 5th over - 0 runs, 1 hit, 0 errors, 1 left on base; Fort Wayne 4 - West Virginia 6 |
TOP OF THE 6TH |
Fort Wayne TinCaps batting - Pitching for West Virginia Power : RHP Eric Bourque
|
Batting: LHB Javy Portela
|
0-0: Ball 1-0: Foul Ball, location: 2F 1-1: Foul Ball, location: 2F 1-2: Ground out U3 (Groundball, 3L, EV 83.8 MPH)
|
Batting: LHB Ryan Anderson
|
0-0: Ball 1-0: Ball 2-0: Foul Ball, location: 2F 2-1: Ball 3-1: Foul Ball, location: 2F 3-2: Strikes out swinging
|
Batting: RHB Adrian Cook
|
0-0: Swinging Strike 0-1: Ground out 5-3 (Groundball, 5, EV 81.2 MPH)
|
Top of the 6th over - 0 runs, 0 hits, 0 errors, 0 left on base; Fort Wayne 4 - West Virginia 6 |
BOTTOM OF THE 6TH |
West Virginia Power batting - Pitching for Fort Wayne TinCaps : RHP Kurt Loscalzo
|
Batting: RHB Bob Raine
|
0-0: Called Strike 0-1: Ball 1-1: Called Strike 1-2: Foul Ball, location: 2F 1-2: Strikes out swinging
|
Batting: RHB Jordan Robinson
|
0-0: Ball 1-0: Foul Ball, location: 2F 1-1: Called Strike 1-2: Foul Ball, location: 2F 1-2: Ground out 6-3 (Groundball, 6, EV 85.0 MPH)
|
Batting: LHB Donald Imre
|
0-0: Ball 1-0: Ball 2-0: Foul Ball, location: 2F 2-1: Ball 3-1: Swinging Strike 3-2: Base on Balls
|
Batting: RHB Brandon White
|
0-0: Fielders Choice at 2nd, 5-4 (Groundball, 56, EV 108.8 MPH)
|
Bottom of the 6th over - 0 runs, 0 hits, 0 errors, 1 left on base; Fort Wayne 4 - West Virginia 6 |
TOP OF THE 7TH |
Fort Wayne TinCaps batting - Pitching for West Virginia Power : RHP Eric Bourque
|
Pitching: RHP Nelson Villalva
|
|
Batting: RHB Ricky Trejo
|
0-0: Called Strike 0-1: Ball 1-1: Swinging Strike 1-2: Ball 2-2: Fly out, F3 (Line Drive, 34, EV 69.4 MPH)
|
Batting: SHB Detlef Oursler
|
0-0: Ball 1-0: Foul Ball, location: 2F 1-1: Called Strike 1-2: Ball 2-2: Ground out 4-3 (Groundball, 34, EV 77.5 MPH)
|
Batting: LHB Tony Contreras
|
0-0: Called Strike 0-1: Foul Ball, location: 2F 0-2: Foul Ball, location: 2F 0-2: Strikes out swinging
|
Top of the 7th over - 0 runs, 0 hits, 0 errors, 0 left on base; Fort Wayne 4 - West Virginia 6 |
BOTTOM OF THE 7TH |
West Virginia Power batting - Pitching for Fort Wayne TinCaps : RHP Kurt Loscalzo
|
Pitching: LHP David Hoch
|
|
Batting: RHB Dave Fredericks
|
0-0: Ball 1-0: Ball 2-0: Called Strike 2-1: Ball 3-1: Ground out 3-1 (Groundball, 34S, EV 88.8 MPH)
|
Batting: LHB Josh Aerni
|
0-0: Called Strike 0-1: Swinging Strike 0-2: Ball 1-2: Fly out, F8 (Flyball, 8LD, EV 101.9 MPH)
|
Batting: RHB Jaime Dubicki
|
0-0: Ball 1-0: Ground out 6-3 (Groundball, 6, EV 108.1 MPH)
|
Bottom of the 7th over - 0 runs, 0 hits, 0 errors, 0 left on base; Fort Wayne 4 - West Virginia 6 |
TOP OF THE 8TH |
Fort Wayne TinCaps batting - Pitching for West Virginia Power : RHP Nelson Villalva
|
Pitching: LHP Grady Hebert
|
|
Batting: LHB Chad Cutler
|
0-0: Called Strike 0-1: Ball 1-1: Hit by Pitch
|
Pinch Hitting: RHB Dave Cordero
|
0-0: Called Strike 0-1: Ball 1-1: Ball 2-1: Swinging Strike 2-2: Ball 3-2: DOUBLE (Line Drive, 78M, EV 94.4 MPH) Chad Cutler to third
|
Batting: LHB Justin Alworth
|
0-0: Ball 1-0: Ball 2-0: Swinging Strike 2-1: Called Strike 2-2: Strikes out swinging
|
Batting: RHB Brian Klinkner
|
0-0: Called Strike 0-1: Called Strike 0-2: Fly out, F9 (Flyball, 89M, EV 86.9 MPH) Runner from 3rd tags up, SCORES, throw by RF Dave Cordero to third
|
Batting: LHB Ryan Anderson
|
0-0: Ball 1-0: Foul Ball, location: 2F 1-1: Ground out 3-1 (Groundball, 34, EV 110.6 MPH)
|
Top of the 8th over - 1 run, 1 hit, 0 errors, 1 left on base; Fort Wayne 5 - West Virginia 6 |
BOTTOM OF THE 8TH |
West Virginia Power batting - Pitching for Fort Wayne TinCaps : LHP David Hoch
|
Now at 1B: Dave Cordero
|
|
Batting: RHB Tim Moore
|
0-0: Fly out, F9 (Flyball, 9LS, EV 87.5 MPH)
|
Batting: RHB John DeVillier
|
0-0: Called Strike 0-1: Ball 1-1: Ground out 6-3 (Groundball, 6S, EV 67.5 MPH)
|
Batting: RHB Bob Raine
|
0-0: Ball 1-0: Ball 2-0: Swinging Strike 2-1: Ball 3-1: Foul Ball, location: 2F 3-2: Ground out 4-3 (Groundball, 4, EV 101.2 MPH)
|
Bottom of the 8th over - 0 runs, 0 hits, 0 errors, 0 left on base; Fort Wayne 5 - West Virginia 6 |
TOP OF THE 9TH |
Fort Wayne TinCaps batting - Pitching for West Virginia Power : LHP Grady Hebert
|
Batting: RHB Adrian Cook
|
0-0: Ground out 4-3 (Groundball, 4, EV 83.1 MPH)
|
Pinch Hitting: SHB Cesar Arteaga
|
0-0: Swinging Strike 0-1: SINGLE (Line Drive, 78D, EV 98.1 MPH)
|
Batting: SHB Detlef Oursler
|
0-0: Ball 1-0: Ball 2-0: Foul Ball, location: 2F 2-1: Foul Ball, location: 2F 2-2: Foul Ball, location: 2F 2-2: Foul Ball, location: 2F 2-2: Foul Ball, location: 2F 2-2: Fielders Choice at 2nd, 4-6 (Groundball, 34, EV 84.4 MPH)
|
Batting: LHB Tony Contreras
|
0-0: Swinging Strike 0-1: Ball 1-1: Ball 2-1: Foul Ball, location: 2F 2-2: Ball 3-2: Base on Balls Detlef Oursler to second
|
Batting: LHB Chad Cutler
|
0-0: Ball 1-0: Ball Wild Pitch! Detlef Oursler to third Tony Contreras to second 2-0: Ball 3-0: Called Strike 3-1: Called Strike 3-2: Foul Ball, location: 2F 3-2: Foul Ball, location: 2F 3-2: Strikes out looking
|
Top of the 9th over - 0 runs, 1 hit, 0 errors, 2 left on base; Fort Wayne 5 - West Virginia 6 |
|